 Dungeon Crawl Stone Soup version 0.28-a0-563-gf77a47075d (webtiles) character file.

Game seed: 6578932427253309732

77 reriks the Sneak (level 4, -13/21 HPs)
             Began as a Spriggan Earth Elementalist on Oct 1, 2021.
             Mangled by Crazy Yiuf (15 damage)
             ... on level 2 of the Dungeon.
             The game lasted 00:06:08 (2023 turns).

reriks the Sneak (Spriggan Earth Elementalist)      Turns: 2023, Time: 00:06:08

Health: -13/21     AC:  2    Str:  4    XL:     4   Next: 13%
Magic:  6/10       EV: 17    Int: 17    God:
Gold:   65         SH:  0    Dex: 15    Spells: 4/10 levels left

rFire   . . .      SeeInvis +   d - +0 dagger
rCold   . . .      Faith    .   (shield restricted)
rNeg    . . .      Spirit   .   b - +0 robe
rPois   .          Reflect  .   (helmet restricted)
rElec   .          Harm     .   (no cloak)
rCorr   .          Rampage  .   (gloves unavailable)
Will    .....                   (boots unavailable)
Stlth   +++.......              (no amulet)
HPRegen 0.07/turn               (no ring)
MPRegen 0.12/turn               (no ring)

@: very quick
A: very small, no large weapons, unfitting armour, see invisible, speed 3
a: no special abilities


You were on level 2 of the Dungeon.
You visited 1 branch of the dungeon, and saw 2 of its levels.

You collected 65 gold pieces.

Inventory:

Hand Weapons
 a - a +0 club
 d - a +0 dagger (weapon)
Missiles
 c - 77 stones
Armour
 b - a +0 robe (worn)
Scrolls
 i - a scroll of silence {unknown}
 j - 2 scrolls of teleportation {unknown}
 l - a scroll of immolation {unknown}
 n - a scroll of enchant armour {unknown}
 o - a scroll of amnesia {unknown}
Potions
 e - a potion of flight {unknown}
 f - a potion of magic {unknown}
 g - 2 potions of curing {unknown}
 h - a potion of attraction {unknown}
 k - a potion of might {unknown}
 m - 2 potions of berserk rage {unknown}


   Skills:
 + Level 0.7 Fighting
 + Level 3.0 Dodging
 + Level 3.8 Stealth
 * Level 3.5 Spellcasting
 + Level 2.2 Transmutations
 * Level 3.3 Earth Magic


You had 4 spell levels left.
You knew the following spells:

 Your Spells              Type           Power      Damage    Failure   Level
a - Sandblast             Erth           28%        2d8       4%          1
b - Passwall              Tmut/Erth      10%        N/A       8%          2
c - Stone Arrow           Conj/Erth      16%        3d8       26%         3

Your spell library contained the following spells:

 Spells                   Type           Power      Damage    Failure   Level
 Frozen Ramparts          Ice            6%         1d2       45%         3
 Petrify                  Tmut/Erth      12%        N/A       45%         4
 Ice Form                 Ice/Tmut       6%         N/A       71%         4
 Summon Ice Beast         Ice/Summ       3%         N/A       86%         4
 Irradiate                Conj/Tmut      3%         3d14      96%         5
 Death Channel            Necr           1%         N/A       100%        6
 Statue Form              Tmut/Erth      8%         N/A       100%        6


Dungeon Overview and Level Annotations

Branches:
Dungeon (2/15)

Altars:

Annotations:
D:2 Crazy Yiuf


Innate Abilities, Weirdness & Mutations

You are very small and have problems with some larger weapons.
You are too small for most types of armour.
You have supernaturally acute eyesight. (SInv)
You cover ground extremely quickly. (Speed+++)


Message History

There is an open door here.
You see here a bat skeleton.
You open the door.
Casting: Sandblast (safe; 4% risk of failure)
Confirm with . or Enter, or press ? or * to list all spells.
Aiming: Sandblast (safe; 4% risk of failure)
Press: ? - help, Shift-Dir - straight line, f - Crazy Yiuf
Aim: Crazy Yiuf, wielding a +4 quarterstaff of chaos and wearing a +0 cloak (wandering, hasn't noticed you, 82% to hit)
The blast of sand hits Crazy Yiuf but does no damage.
Crazy Yiuf shouts!
Crazy Yiuf yells, "Race!
Defame pizzabubble blue."
Casting: Sandblast (safe; 4% risk of failure)
Confirm with . or Enter, or press ? or * to list all spells.
Aiming: Sandblast (safe; 4% risk of failure)
Press: ? - help, Shift-Dir - straight line, f/p - Crazy Yiuf
Aim: Crazy Yiuf, wielding a +4 quarterstaff of chaos and wearing a +0 cloak (82% to hit)
The blast of sand hits Crazy Yiuf.
Crazy Yiuf is lightly wounded.
Casting: Sandblast (safe; 4% risk of failure)
Confirm with . or Enter, or press ? or * to list all spells.
Aiming: Sandblast (safe; 4% risk of failure)
Press: ? - help, Shift-Dir - straight line, f/p - Crazy Yiuf
Aim: Crazy Yiuf, wielding a +4 quarterstaff of chaos and wearing a +0 cloak (lightly wounded, 82% to hit)
The blast of sand hits Crazy Yiuf!
Crazy Yiuf is severely wounded.
Crazy Yiuf hits you with a +4 quarterstaff of chaos!
Ouch! That really hurt!
Crazy Yiuf burns you.
* * * LOW HITPOINT WARNING * * *
Casting: Sandblast (safe; 4% risk of failure)
Confirm with . or Enter, or press ? or * to list all spells.
Aiming: Sandblast (safe; 4% risk of failure)
Press: ? - help, Shift-Dir - straight line, f/p - Crazy Yiuf
Aim: Crazy Yiuf, wielding a +4 quarterstaff of chaos and wearing a +0 cloak (severely wounded, 82% to hit)
The blast of sand hits Crazy Yiuf.
Crazy Yiuf is almost dead.
Crazy Yiuf says, "Rot!
Key canine sing."
Crazy Yiuf hits you with a +4 quarterstaff of chaos!
Ouch! That really hurt!
You die...

#.# ##..##
#.#..#
##########.#
#....#
###.##.#####
...........#
♣....♣
#...........
##########.#
♣...♣♣
###.####.###
#.# ♣♣.♣♣ #.#
#.# #.# ♣.♣♣
#÷# #.# #.#
♣♣.♣ #.# #.#
#.# ♣.♣♣ #.#
#.#
##########.#
♣♣@♣ #.# #.#
^........#.#
#g# #.# #.#
########.#.#
... #.####.#
##.#.# #...#
###......#
#####....#
#..)#
#......'###
#........#
#####
####.###..##
#.###...##
#.# #...8
###.# ##.##
### #.####...
....###...##
#.###.##.#.._


You could see Crazy Yiuf.

Vanquished Creatures
  4 adders (D:2)
  A worm (D:2)
  2 ball pythons (D:1)
  2 endoplasms (D:2)
  2 giant cockroaches (D:2)
  5 goblins
  3 hobgoblins (D:1)
  4 kobolds
  4 quokkas
  3 bats
  A frilled lizard (D:1)
  7 rats
38 creatures vanquished.

Notes
Turn   | Place    | Note
-------+----------+-------------------------------------------
     0 | D:1      | reriks the Spriggan Earth Elementalist began the quest for
                  | the Orb.
     0 | D:1      | Reached XP level 1. HP: 9/9 MP: 5/5
   471 | D:1      | Reached XP level 2. HP: 13/13 MP: 4/6
   804 | D:1      | Learned a level 2 spell: Passwall
  1260 | D:2      | Reached XP level 3. HP: 14/16 MP: 6/8
  1599 | D:2      | Found a runed translucent door.
  1600 | D:2      | Noticed Crazy Yiuf
  1623 | D:2      | Got the Compendium of the Exiled Teeth
  1645 | D:2      | Reached XP level 4. HP: 21/21 MP: 5/10
  1694 | D:2      | Learned a level 3 spell: Stone Arrow
  1915 | D:2      | Found a faded altar of an unknown god.
  2023 | D:2      | Mangled by Crazy Yiuf

Illustrated notes

Levels and vault maps discovered:
D:1:      minmay_arrival_four_houses, layout_loops_cross
D:2:      layout_loops_ring, hellmonk_ecumenical_altar_slurped_away,
          uniq_crazy_yiuf_cottage

Skill      XL: |  1  2  3 |
---------------+----------+-----
Spellcasting   | 3 |  3.5
Earth Magic    | 3 |  3.3
Transmutations | 2 |  2.2
Dodging        | 3 |  3.0
Fighting       | |  0.7
Stealth        | |  3.8

Action                   |  1- 3 |  4- 6 || total
-------------------------+-------+-------++-------
Melee: Dagger            |    28 |     1 ||    29
 Cast: Sandblast         |    37 |     6 ||    43
 Stab: Sleeping          |    10 |     1 ||    11
Armor: Robe              |     4 |       ||     4
Dodge: Dodged            |    23 |       ||    23

Table legend: (Time is in decaauts)
 A = Elapsed time spent in this place.
 B = Non-inter-level travel time spent in this place.
 C = Inter-level travel time spent in this place.
 D = Time resting spent in this place.
 E = Time spent auto-exploring this place.
 F = Levels seen in this place.
 G = Mean time per level.
                   A        B        C        D        E       F      G
               +--------+--------+--------+--------+--------+-----+--------+
         Total |   1549 |   1546 |      3 |    675 |    575 |   2 |  774.5 |
       Dungeon |   1549 |   1546 |      3 |    675 |    575 |   2 |  774.5 |
               +--------+--------+--------+--------+--------+-----+--------+

Top non-repeatable levels by time:
     D:2: 812 daAuts
     D:1: 737 daAuts
